 Dungeon Crawl Stone Soup version 0.31-a0-700-gf13585253f (webtiles) character file.

Game seed: 3519483088500892294

49078 qw the Marksgargoyle (level 14, -1/92 HPs)
             Began as a Gargoyle Hunter on Sept 7, 2023.
             Was an Elder of Okawaru.
             Slain by a cane toad (18 damage)
             ... on level 5 of the Lair of Beasts.
             The game lasted 00:06:40 (12935 turns).

qw the Marksgargoyle (Gargoyle Hunter)             Turns: 12935, Time: 00:06:41

Health: -1/92      AC: 21    Str: 16    XL:     14   Next: 49%
Magic:  19/21      EV: 23    Int: 10    God:    Okawaru [****..]
Gold:   1141       SH:  0    Dex: 17    Spells: 13/13 levels left

rFire   . . .        q - +0 triple crossbow (heavy)
rCold   . . .        (shield currently unavailable)
rNeg    + . .        d - +0 troll leather armour
rPois   inf          s - +2 hat
rElec   +            (no cloak)
rCorr   .            p - +1 pair of gloves
SInv    +            f - +1 pair of boots
Will    +....        m - amulet of regeneration
Stlth   +++          w - +5 ring of evasion
HPRegen 1.95/turn    v - ring of see invisible
MPRegen 0.17/turn

%: no passive effects
@: about to teleport, heroic, flying
A: sickness immunity, AC +10, big wings, negative energy resistance 1,
electricity resistance, torment resistance 1, petrification resistance
a: Renounce Religion, Heroism, Finesse


You were on level 5 of the Lair of Beasts.
You worshipped Okawaru.
Okawaru was greatly pleased with you.
You visited 3 branches of the dungeon, and saw 17 of its levels.
You also visited: Gauntlet.

You collected 1225 gold pieces.
You spent 84 gold pieces at shops.


Innate Abilities, Weirdness & Mutations

You are immune to sickness and miasma.
Your stone body is resilient. (AC +10)
You are immune to poison.
Your large and strong wings let you fly.
You resist negative energy. (rN+)
You are resistant to electric shocks. (rElec)
You are resistant to unholy torment.
You are immune to petrification.


   Skills:
 + Level 12.4(17.4) Fighting
 - Level 19.0(24.0) Ranged Weapons
 - Level 4.0(9.0) Armour
 - Level 6.0(11.0) Dodging
 - Level 1.1(6.1) Stealth
 - Level 10.0 Invocations


You had 13 spell levels left.
You didn't know any spells.
Your spell library was empty.

Inventory:

Hand Weapons
 q - a +0 heavy triple crossbow (weapon)
Armour
 d - a +0 troll leather armour (worn)
 f - a +1 pair of boots (worn)
 p - a +1 pair of gloves (worn)
 r - the +3 hat of Pondering {ponderous, Will+ MP+10 Int+5}
   (You took it off Gastronok on level 8 of the Dungeon)

   Int+5:     It affects your intelligence (+5).
   Will+:     It increases your willpower.
   MP+10:     It affects your magic capacity (+10).
 s - a +2 hat (worn)
Jewellery
 i - a ring of fire
 k - a ring of protection from fire
 m - an amulet of regeneration (around neck)
 u - a ring of protection from cold
 v - a ring of see invisible (right hand)
 w - a +5 ring of evasion (left hand)
 y - the ring of Xom's Amusement {rC- rN+ rCorr Int+4 Slay+5}
   (You found it on level 1 of the Lair of Beasts)

   [ring of positive energy]

   Int+4:     It affects your intelligence (+4).
   Slay+5:    It affects your accuracy & damage with ranged weapons and melee
   (+5).
   rC-:       It makes you vulnerable to cold.
   rN+:       It protects you from negative energy.
   rCorr:     It protects you from acid and corrosion.
Wands
 x - a wand of digging (2)
Scrolls
 l - a scroll of identify
Potions
 a - 2 potions of mutation
 b - 2 potions of might
 g - a potion of degeneration {unknown}
 h - 3 potions of curing
 j - a potion of enlightenment {unknown}
 n - 5 potions of heal wounds
 o - a potion of resistance
 t - a potion of magic {unknown}

Dungeon Overview and Level Annotations

Branches:
Dungeon (11/15)            Temple (1/1) D:4            Lair (5/5) D:11
  Swamp (0/4) Lair:3        Snake (0/4) Lair:3          Orc (0/2) D:9
Gauntlet (visited)
  Slime: Lair:4-5

Altars:
Ashenzari
Cheibriados
Dithmenos
Elyvilon
Fedhas
Gozag
Hepliaklqana
Kikubaaqudgha
Makhleb
Nemelex Xobeh
Okawaru
Qazlal
Ru
Sif Muna
Trog
Uskayaw
Vehumet
Wu Jian
Xom
Yredelemnul
Zin
The Shining One

Shops:
D:5 *

Annotations:
D:5 2 transporters, qw's ghost, amateur MiHs


Message History

A blink frog comes into view.
The tyrant leech completely misses you.
A tyrant leech comes into view.
You shoot a bolt. The bolt closely misses the cane toad.
The blink frog gives a loud, deep croak!
The cane toad gives a loud, deep croak!
The bullfrog hits you but does no damage.
A blink frog comes into view.
The blink frog blinks!
The cane toad barely misses you.
The tyrant leech bites you but does no damage.
The cane toad closely misses you. The cane toad misses you.
The tyrant leech bites you!
You shoot a bolt. The bolt hits the cane toad!!!
You kill the cane toad!
Okawaru accepts your kill.
The blink frog blinks!
The cane toad stings you.
The vampire mosquito closely misses you.
The cane toad stings you! The vampire mosquito bites you!
The tyrant leech bites you.
The blink frog blinks!
The cane toad stings you!
The blink frog blinks!
The vampire mosquito bites you but does no damage.
12933 ||| INVOKING Heroism.
You gain the combat prowess of a mighty hero.
A bullfrog comes into view.
The vampire mosquito bites you! The tyrant leech bites you!
The cane toad misses you.
The blink frog blinks!
You shoot a bolt. The bolt hits the cane toad!!!
You kill the cane toad!
Okawaru accepts your kill.
The vampire mosquito completely misses you.
The vampire mosquito barely misses you.
The blink frog blinks! x2
The vampire mosquito bites you. The cane toad barely misses you.
The tyrant leech barely misses you.
A skyshark comes into view.
The blink frog blinks!
The cane toad stings you!
12935 ||| READING scroll of teleportation.
As you read the scroll of teleportation, it crumbles to dust.
You feel strangely unstable. The tyrant leech misses you.
The cane toad stings you!!
You die...

#.....<.........
................
#...............
#P..............
##.#............
##..#..........
##...........
#.......... ####
.... #@w## .....
#wFy##### #
......#FFFFF~~#P#
#.....FFSlF~l~~~#
#.....P.~~F~~~~~~
........~~~~~~~~~
.......~.~~~F~~~F
.......~.~~~~~~P~
P.#..~~..~~~~~~~P


You could see a skyshark, 2 tyrant leeches, 2 cane toads, 5 blink frogs, a
wyvern, a vampire mosquito, 4 bullfrogs and an electric eel.

Vanquished Creatures
  Gastronok (D:8)
  Kirke (Lair:3)
  A minotaur (Gauntlet)
  A great orb of eyes (Gauntlet)
  A hydra (Lair:5)
  3 boulder beetles
  11 death yaks
  Amaemon (D:8)
  Pikel (D:7)
  A necromancer (Gauntlet)
  An ugly thing (Gauntlet)
  3 oklob plants (Lair:2)
  2 cyclopes
  Joseph (D:7)
  An orange demon (D:8)
  Psyche (D:9)
  A kobold demonologist (D:10)
  5 rime drakes
  16 cane toads
  11 komodo dragons
  3 trolls
  A polar bear (Lair:1)
  A hornet (D:10)
  7 dream sheep (Lair:4)
  Prince Ribbit (D:6)
  A tyrant leech (Lair:3)
  7 blink frogs
  6 flying skulls (Gauntlet)
  Sigmund (D:6)
  2 wyverns
  2 vampires
  50 yaks
  2 basilisks
  5 hogs (Lair:3)
  Eustachio (D:5)
  2 vampire mosquitoes (D:10)
  Menkaure (D:7)
  2 steam dragons
  A swamp worm (Lair:3)
  2 nagas (Lair:3)
  9 water moccasins
  Duvessa (D:6)
  3 orc warriors
  6 black bears
  6 sky beasts
  13 wolves
  2 ogres
  7 centaurs
  2 lemures (D:7)
  2 phantoms
  6 kobold brigands
  19 bullfrogs
  2 gnoll sergeants (D:6)
  4 scorpions
  8 wights (D:9)
  Dowan (D:6)
  12 killer bees (D:9)
  3 electric eels (D:11)
  3 howler monkeys
  5 orc priests
  2 jellies
  5 hounds
  2 sleepcaps
  A gnoll bouda (D:8)
  6 iguanas
  5 orc wizards
  7 gnolls
  11 adders
  2 white imps
  4 ufetubi
  3 worms
  2 dart slugs (D:4)
  39 orcs
  7 endoplasms
  8 goblins
  3 hobgoblins
  14 jackals
  3 quokkas
  5 ball pythons
  4 bats
  3 frilled lizards (D:2)
  33 kobolds
  7 rats
452 creatures vanquished.

Vanquished Creatures (others)
  A hound (D:11)
1 creature vanquished.

Grand Total: 453 creatures vanquished

Notes
Turn   | Place    | Note
-------+----------+-------------------------------------------
     0 | D:1      | qw the Gargoyle Hunter began the quest for the Orb.
     0 | D:1      | Reached XP level 1. HP: 12/12 MP: 1/1
     0 | D:1      | 0 ||| qw: Version: 0.3-a-76-g4403597
     0 | D:1      | 0 ||| qw: Game counter: 641
     0 | D:1      | 0 ||| qw: Melee chars always use a shield: true
     0 | D:1      | 0 ||| qw: God list: Okawaru
     0 | D:1      | 0 ||| qw: Allow faded altars: false
     0 | D:1      | 0 ||| qw: Do Orc after clearing Dungeon:15 true
     0 | D:1      | 0 ||| qw: Do second Lair branch before Depths: true
     0 | D:1      | 0 ||| qw: Lair rune preference: random
     0 | D:1      | 0 ||| qw: Goals: Normal
     0 | D:1      | 0 ||| PLANNING D:1-11
    58 | D:1      | 58 ||| Stepping ~*~*~tactically~*~*~ (outnumbered).
    61 | D:1      | 61 ||| Stepping ~*~*~tactically~*~*~ (outnumbered).
   124 | D:1      | Reached XP level 2. HP: 17/17 MP: 2/2
   333 | D:1      | Reached XP level 3. HP: 21/21 MP: 3/3
   593 | D:1      | Reached skill level 5 in Ranged Weapons
   642 | D:1      | 642 ||| UPGRADING to ring of protection from fire.
   643 | D:1      | 643 ||| UPGRADING to ring of resist corrosion.
   644 | D:1      | 644 ||| READING scroll labelled ZOTAETSO COUDA.
   645 | D:1      | 645 ||| READING scroll labelled TISUTH FAUPRAL.
   646 | D:1      | 646 ||| DROPPING scroll of butterflies.
   791 | D:2      | Reached skill level 3 in Fighting
   968 | D:2      | Reached XP level 4. HP: 17/28 MP: 4/4
  1545 | D:2      | 1545 ||| UPGRADING to +0 pair of boots.
  1550 | D:2      | 1550 ||| UPGRADING to ring of willpower.
  1552 | D:2      | 1552 ||| READING scroll labelled USOODDE LETRUA.
  1556 | D:2      | 1556 ||| READING scroll labelled MATWIH HEPROD.
  1887 | D:3      | Found a shimmering altar of Xom.
  2003 | D:3      | 2003 ||| UPGRADING to +1 pair of boots.
  2013 | D:3      | 2013 ||| DROPPING +0 pair of boots.
  2014 | D:3      | 2014 ||| UPGRADING to +0 pair of gloves.
  2019 | D:3      | 2019 ||| READING scroll labelled WILAOZUOGOAM.
  2020 | D:3      | 2020 ||| READING scroll labelled DOTUOR FOESHO.
  2021 | D:3      | 2021 ||| DRINKING 2 blue potions.
  2082 | D:4      | Reached skill level 1 in Armour
  2082 | D:4      | Reached XP level 5. HP: 32/32 MP: 5/5
  2212 | D:4      | Identified the +2 sling of Annoyance {heavy, Fly}
  2214 | D:4      | 2214 ||| SWAPPING to +2 sling of Annoyance {heavy, Fly}.
  2231 | D:4      | Found a staircase to the Ecumenical Temple.
  2232 | D:4      | 2232 ||| PLANNING TEMPLE
  2232 | D:4      | 2232 ||| UPGRADING to +0 ring mail.
  2242 | D:4      | 2242 ||| DROPPING +0 leather armour.
  2243 | D:4      | 2243 ||| READING scroll labelled PENENG VUAFI.
  2244 | D:4      | 2244 ||| DRINKING 2 lumpy ruby potions.
  2349 | D:4      | 2349 ||| DROPPING potion of berserk rage.
  2359 | Temple   | Entered the Ecumenical Temple
  2360 | Temple   | 2360 ||| PLANNING OKAWARU WORSHIP
  2365 | Temple   | Became a worshipper of Warmaster Okawaru
  2366 | Temple   | 2366 ||| PLANNING D:1-11
  2394 | D:4      | Reached skill level 6 in Ranged Weapons
  2567 | D:4      | Reached XP level 6. HP: 37/38 MP: 6/6
  2640 | D:4      | You are sucked into a shaft and drop 1 floor!
  2640 | D:5      | Entered Level 5 of the Dungeon
  2644 | D:5      | Noticed a black bear
  2651 | D:5      | Killed a black bear
  2651 | D:5      | Reached * piety under Okawaru
  2652 | D:5      | Reached skill level 7 in Ranged Weapons
  2652 | D:5      | 2652 ||| INVOKING Heroism.
  2653 | D:5      | 2653 ||| INVOKING Heroism.
  2907 | D:5      | 2907 ||| INVOKING Heroism.
  2914 | D:5      | Reached XP level 7. HP: 34/43 MP: 4/7
  2963 | D:5      | Noticed qw's ghost (amateur MiHs)
  2977 | D:5      | Found a transporter.
  2986 | D:5      | Found a shimmering blue altar of Sif Muna.
  3008 | D:5      | Noticed a steam dragon
  3014 | D:5      | Killed a steam dragon
  3061 | D:5      | Found Roich's Lightly-Used Armoury.
  3069 | D:5      | 3069 ||| BUYING -1 longbow (19 gold).
  3069 | D:5      | Bought a -1 longbow for 19 gold pieces
  3069 | D:5      | 3069 ||| BUYING -1 triple crossbow (65 gold).
  3069 | D:5      | Bought a -1 triple crossbow for 65 gold pieces
  3069 | D:5      | 3069 ||| SWAPPING to -1 triple crossbow.
  3070 | D:5      | 3070 ||| DROPPING +1 shortbow.
  3071 | D:5      | 3071 ||| DROPPING +2 sling of Annoyance {heavy, Fly}.
  3072 | D:5      | 3072 ||| DROPPING -1 longbow.
  3150 | D:5      | Noticed Eustachio
  3151 | D:5      | 3151 ||| RETREATING.
  3152 | D:5      | 3152 ||| INVOKING Heroism.
  3159 | D:5      | 3159 ||| Stepping ~*~*~tactically~*~*~ (retreating).
  3161 | D:5      | 3161 ||| FLEEEEING.
  3164 | D:5      | 3164 ||| FLEEEEING.
  3166 | D:5      | 3166 ||| FLEEEEING.
  3167 | D:5      | 3167 ||| FLEEEEING.
  3168 | D:5      | 3168 ||| INVOKING Heroism.
  3170 | D:5      | Killed Eustachio
  3171 | D:5      | Reached skill level 8 in Ranged Weapons
  3195 | D:5      | Found a transporter.
  3386 | D:5      | 3386 ||| INVOKING Heroism.
  3388 | D:5      | Reached skill level 1 in Invocations
  3388 | D:5      | Reached XP level 8. HP: 49/49 MP: 5/8
  3427 | D:5      | 3427 ||| INVOKING Heroism.
  3443 | D:5      | 3443 ||| FLEEEEING.
  3444 | D:5      | 3444 ||| FLEEEEING.
  3445 | D:5      | 3445 ||| FLEEEEING.
  3446 | D:5      | 3446 ||| FLEEEEING.
  3447 | D:5      | 3447 ||| FLEEEEING.
  3448 | D:5      | 3448 ||| FLEEEEING.
  3449 | D:5      | 3449 ||| FLEEEEING.
  3450 | D:5      | 3450 ||| FLEEEEING.
  3451 | D:5      | 3451 ||| FLEEEEING.
  3452 | D:5      | 3452 ||| FLEEEEING.
  3453 | D:5      | 3453 ||| FLEEEEING.
  3461 | D:5      | 3461 ||| FLEEEEING.
  3462 | D:5      | 3462 ||| FLEEEEING.
  3466 | D:5      | 3466 ||| FLEEEEING.
  3467 | D:5      | 3467 ||| FLEEEEING.
  3469 | D:5      | 3469 ||| STAIRDANCE
  3513 | D:4      | 3513 ||| UPGRADING to +0 steam dragon scales.
  3523 | D:4      | 3523 ||| DROPPING +0 ring mail.
  3524 | D:4      | 3524 ||| READING 2 scrolls of identify.
  3524 | D:4      | 3524 ||| IDENTIFYING cyan potion
  3750 | D:6      | Reached skill level 3 in Invocations
  3796 | D:6      | Noticed Sigmund
  3797 | D:6      | 3797 ||| RETREATING.
  3801 | D:6      | 3801 ||| INVOKING Heroism.
  3816 | D:6      | Killed Sigmund
  3817 | D:6      | Reached skill level 9 in Ranged Weapons
  3921 | D:6      | Noticed Duvessa
  3922 | D:6      | 3922 ||| INVOKING Heroism.
  3923 | D:6      | Noticed Dowan
  3925 | D:6      | Killed Duvessa
  3927 | D:6      | Killed Dowan
  3929 | D:6      | Reached skill level 6 in Fighting
  4022 | D:6      | Reached ** piety under Okawaru
  4023 | D:6      | Reached XP level 9. HP: 45/55 MP: 12/12
  4024 | D:6      | 4024 ||| INVOKING Heroism.
  4166 | D:6      | Reached skill level 10 in Ranged Weapons
  4177 | D:6      | 4177 ||| INVOKING Heroism.
  4181 | D:6      | Reached skill level 3 in Dodging
  4209 | D:6      | Identified the +1 long sword "Woneimoq" {drain, Dex+3}
  4263 | D:6      | Reached skill level 3 in Armour
  4268 | D:6      | Noticed Prince Ribbit
  4269 | D:6      | 4269 ||| INVOKING Heroism.
  4275 | D:6      | Killed Prince Ribbit
  4428 | D:6      | 4428 ||| UPGRADING to amulet of regeneration.
  4433 | D:6      | 4433 ||| READING 3 scrolls of identify.
  4433 | D:6      | 4433 ||| IDENTIFYING clear potion
  4434 | D:6      | 4434 ||| READING 2 scrolls of identify.
  4434 | D:6      | 4434 ||| IDENTIFYING orange potion
  4435 | D:6      | 4435 ||| DROPPING potion of brilliance.
  4483 | D:6      | 4483 ||| READING scroll labelled DIEJIPN ICZY.
  4658 | D:6      | 4658 ||| Stepping ~*~*~tactically~*~*~ (retreating).
  4661 | D:6      | 4661 ||| FLEEEEING.
  4662 | D:6      | 4662 ||| FLEEEEING.
  4663 | D:6      | 4663 ||| FLEEEEING.
  4665 | D:6      | 4665 ||| FLEEEEING.
  4666 | D:6      | 4666 ||| FLEEEEING.
  4690 | D:6      | 4690 ||| INVOKING Heroism.
  4699 | D:6      | Reached skill level 11 in Ranged Weapons
  4771 | D:6      | 4771 ||| READING scroll of enchant weapon.
  4771 | D:6      | 4771 ||| ENCHANTING -1 triple crossbow.
  4835 | D:7      | 4835 ||| INVOKING Heroism.
  4851 | D:7      | Reached XP level 10. HP: 64/64 MP: 13/13
  4862 | D:7      | Noticed Pikel
  4867 | D:7      | 4867 ||| Stepping ~*~*~tactically~*~*~ (retreating).
  4868 | D:7      | 4868 ||| Stepping ~*~*~tactically~*~*~ (retreating).
  4870 | D:7      | Killed Pikel
  4870 | D:7      | Reached *** piety under Okawaru
  4909 | D:7      | Noticed Joseph
  4913 | D:7      | 4913 ||| FLEEEEING.
  4914 | D:7      | 4914 ||| STAIRDANCE
  4923 | D:7      | Killed Joseph
  4975 | D:7      | Noticed Menkaure
  4976 | D:7      | 4976 ||| INVOKING Heroism.
  4979 | D:7      | Killed Menkaure
  5176 | D:7      | Found an ancient bone altar of Kikubaaqudgha.
  5272 | D:7      | Identified the +3 glaive of Vaan {venom, +Blink Will+
                  | rCorr}
  5359 | D:7      | 5359 ||| UPGRADING to ring of protection from cold.
  5361 | D:7      | 5361 ||| READING 2 scrolls of identify.
  5361 | D:7      | 5361 ||| IDENTIFYING yellow potion
  5453 | D:8      | Reached skill level 12 in Ranged Weapons
  5457 | D:8      | 5457 ||| INVOKING Heroism.
  5464 | D:8      | Reached **** piety under Okawaru
  5467 | D:8      | 5467 ||| INVOKING Heroism.
  5538 | D:8      | 5538 ||| INVOKING Heroism.
  5607 | D:8      | Noticed Amaemon
  5607 | D:8      | Noticed an orange demon
  5608 | D:8      | 5608 ||| RETREATING.
  5614 | D:8      | 5614 ||| INVOKING Heroism.
  5618 | D:8      | Killed an orange demon
  5626 | D:8      | Killed Amaemon
  5661 | D:8      | 5661 ||| INVOKING Heroism.
  5663 | D:8      | 5663 ||| Stepping ~*~*~tactically~*~*~ (outnumbered).
  5671 | D:8      | Reached XP level 11. HP: 69/69 MP: 12/14
  5846 | D:8      | Noticed Gastronok
  5847 | D:8      | 5847 ||| INVOKING Heroism.
  5856 | D:8      | Killed Gastronok
  5857 | D:8      | Reached skill level 13 in Ranged Weapons
  5857 | D:8      | Reached skill level 6 in Invocations
  5952 | D:8      | 5952 ||| Stepping ~*~*~tactically~*~*~ (outnumbered).
  5954 | D:8      | 5954 ||| Stepping ~*~*~tactically~*~*~ (outnumbered).
  5957 | D:8      | 5957 ||| Stepping ~*~*~tactically~*~*~ (outnumbered).
  6035 | D:8      | Reached skill level 9 in Fighting
  6185 | D:8      | 6185 ||| UPGRADING to +2 hat.
  6349 | D:9      | Reached ***** piety under Okawaru
  6354 | D:9      | Noticed Psyche
  6355 | D:9      | 6355 ||| INVOKING Heroism.
  6361 | D:9      | Killed Psyche
  6372 | D:9      | Noticed a cyclops
  6376 | D:9      | 6376 ||| INVOKING Heroism.
  6379 | D:9      | Killed a cyclops
  6427 | D:9      | 6427 ||| RETREATING.
  6434 | D:9      | 6434 ||| Stepping ~*~*~tactically~*~*~ (retreating).
  6573 | D:9      | Found a staircase to the Orcish Mines.
  6585 | D:9      | 6585 ||| Stepping ~*~*~tactically~*~*~ (retreating).
  6586 | D:9      | 6586 ||| RETREATING.
  6589 | D:9      | 6589 ||| INVOKING Heroism.
  6600 | D:9      | 6600 ||| DRINKING 4 potions of curing.
  6600 | D:9      | 6600 ||| (to cure confusion)
  6796 | D:9      | 6796 ||| RETREATING.
  6799 | D:9      | 6799 ||| Stepping ~*~*~tactically~*~*~ (retreating).
  6800 | D:9      | 6800 ||| Stepping ~*~*~tactically~*~*~ (retreating).
  7235 | D:9      | 7235 ||| READING 2 scrolls labelled ULADOO JASK.
  7236 | D:9      | 7236 ||| READING scroll labelled ZOEDOMOKEU.
  7237 | D:9      | 7237 ||| READING scroll labelled YGGUOPI LOEFUE.
  7238 | D:9      | 7238 ||| DRINKING 2 brown potions.
  7239 | D:9      | 7239 ||| DROPPING scroll of fog.
  7265 | D:10     | Entered Level 10 of the Dungeon
  7269 | D:10     | 7269 ||| INVOKING Heroism.
  7306 | D:10     | Reached skill level 14 in Ranged Weapons
  7310 | D:10     | 7310 ||| Stepping ~*~*~tactically~*~*~ (outnumbered).
  7311 | D:10     | 7311 ||| Stepping ~*~*~tactically~*~*~ (outnumbered).
  7313 | D:10     | 7313 ||| Stepping ~*~*~tactically~*~*~ (outnumbered).
  7315 | D:10     | 7315 ||| Stepping ~*~*~tactically~*~*~ (outnumbered).
  7317 | D:10     | 7317 ||| Stepping ~*~*~tactically~*~*~ (outnumbered).
  7472 | D:10     | 7472 ||| RETREATING.
  7473 | D:10     | 7473 ||| Stepping ~*~*~tactically~*~*~ (retreating).
  7474 | D:10     | 7474 ||| Stepping ~*~*~tactically~*~*~ (retreating).
  7475 | D:10     | 7475 ||| Stepping ~*~*~tactically~*~*~ (retreating).
  7476 | D:10     | 7476 ||| Stepping ~*~*~tactically~*~*~ (retreating).
  7478 | D:10     | 7478 ||| Stepping ~*~*~tactically~*~*~ (retreating).
  7479 | D:10     | 7479 ||| Stepping ~*~*~tactically~*~*~ (retreating).
  7480 | D:10     | 7480 ||| Stepping ~*~*~tactically~*~*~ (retreating).
  7481 | D:10     | 7481 ||| Stepping ~*~*~tactically~*~*~ (retreating).
  7486 | D:10     | Reached skill level 9 in Invocations
  7495 | D:10     | Reached XP level 12. HP: 73/76 MP: 18/18
  7499 | D:10     | Received a gift from Okawaru
  7710 | D:10     | 7710 ||| RETREATING.
  7762 | D:10     | Found a basalt altar of Yredelemnul.
  7879 | D:10     | 7879 ||| UPGRADING to ring of see invisible.
  7881 | D:10     | 7881 ||| READING scroll labelled QAURACV KAMEU.
  8040 | D:11     | 8040 ||| Stepping ~*~*~tactically~*~*~ (retreating).
  8041 | D:11     | 8041 ||| Stepping ~*~*~tactically~*~*~ (retreating).
  8042 | D:11     | 8042 ||| Stepping ~*~*~tactically~*~*~ (retreating).
  8043 | D:11     | 8043 ||| Stepping ~*~*~tactically~*~*~ (retreating).
  8044 | D:11     | 8044 ||| Stepping ~*~*~tactically~*~*~ (retreating).
  8045 | D:11     | 8045 ||| Stepping ~*~*~tactically~*~*~ (retreating).
  8046 | D:11     | 8046 ||| Stepping ~*~*~tactically~*~*~ (retreating).
  8047 | D:11     | 8047 ||| Stepping ~*~*~tactically~*~*~ (retreating).
  8122 | D:11     | Found a staircase to the Lair.
  8170 | D:11     | 8170 ||| Stepping ~*~*~tactically~*~*~ (outnumbered).
  8269 | D:11     | 8269 ||| INVOKING Heroism.
  8279 | D:11     | Identified the +4 quarterstaff of Foemnoiwn {freeze, rPois
                  | MP+9} (Okawaru gifted it to you on level 11 of the Dungeon)
  8279 | D:11     | Received a gift from Okawaru
  8345 | D:11     | Noticed a boulder beetle
  8346 | D:11     | 8346 ||| INVOKING Heroism.
  8347 | D:11     | 8347 ||| INVOKING Finesse.
  8358 | D:11     | Killed a boulder beetle
  8473 | D:11     | 8473 ||| FLEEEEING.
  8500 | D:11     | 8500 ||| Stepping ~*~*~tactically~*~*~ (outnumbered).
  8503 | D:11     | 8503 ||| Stepping ~*~*~tactically~*~*~ (outnumbered).
  8795 | D:11     | 8795 ||| PLANNING LAIR
  8795 | D:11     | 8795 ||| UPGRADING to +0 troll leather armour.
  8805 | D:11     | 8805 ||| DROPPING +0 steam dragon scales.
  8806 | D:11     | 8806 ||| READING scroll labelled POOMAJUGGE.
  8831 | Lair:1   | Entered Level 1 of the Lair of Beasts
  8897 | Lair:1   | 8897 ||| INVOKING Heroism.
  8918 | Lair:1   | 8918 ||| Stepping ~*~*~tactically~*~*~ (retreating).
  8919 | Lair:1   | 8919 ||| Stepping ~*~*~tactically~*~*~ (retreating).
  8920 | Lair:1   | 8920 ||| Stepping ~*~*~tactically~*~*~ (retreating).
  8921 | Lair:1   | 8921 ||| Stepping ~*~*~tactically~*~*~ (retreating).
  8922 | Lair:1   | 8922 ||| RETREATING.
  8927 | Lair:1   | 8927 ||| INVOKING Heroism.
  8932 | Lair:1   | 8932 ||| Stepping ~*~*~tactically~*~*~ (retreating).
  8945 | Lair:1   | 8945 ||| INVOKING Heroism.
  9142 | Lair:1   | 9142 ||| INVOKING Heroism.
  9145 | Lair:1   | Reached skill level 15 in Ranged Weapons
  9385 | Lair:1   | Identified the ring of Xom's Amusement {rC- rN+ rCorr Int+4
                  | Slay+5}
  9473 | Lair:1   | 9473 ||| UPGRADING to ring of Xom's Amusement {rC- rN+
                  | rCorr Int+4 Slay+5}.
  9545 | Lair:2   | Identified the +5 falchion of Infinite Pain {drain, rCorr
                  | Str+4 SInv}
  9547 | Lair:2   | 9547 ||| INVOKING Heroism.
  9689 | Lair:2   | 9689 ||| RETREATING.
  9691 | Lair:2   | 9691 ||| Stepping ~*~*~tactically~*~*~ (retreating).
  9692 | Lair:2   | 9692 ||| Stepping ~*~*~tactically~*~*~ (retreating).
  9716 | Lair:2   | 9716 ||| INVOKING Heroism.
  9718 | Lair:2   | Identified the +6 chain mail "Liats" {-Tele rN+ Will+
                  | Slay+2} (Okawaru gifted it to you on level 2 of the Lair of
                  | Beasts)
  9718 | Lair:2   | Received a gift from Okawaru
  9786 | Lair:2   | Reached skill level 16 in Ranged Weapons
  9787 | Lair:2   | Reached XP level 13. HP: 82/82 MP: 20/20
  9787 | Lair:2   | 9787 ||| RETREATING.
 10063 | Lair:2   | 10063 ||| INVOKING Heroism.
 10064 | Lair:2   | 10064 ||| INVOKING Finesse.
 10065 | Lair:2   | 10065 ||| DROPPING ring of resist corrosion.
 10066 | Lair:2   | 10066 ||| DROPPING ring of willpower.
 10067 | Lair:2   | 10067 ||| UPGRADING to +5 ring of evasion.
 10070 | Lair:2   | 10070 ||| RETREATING.
 10109 | Lair:2   | 10109 ||| INVOKING Finesse.
 10140 | Lair:2   | 10140 ||| INVOKING Heroism.
 10142 | Lair:2   | 10142 ||| FLEEEEING.
 10262 | Lair:2   | 10262 ||| INVOKING Heroism.
 10274 | Lair:2   | 10274 ||| UPGRADING to ring of see invisible.
 10276 | Lair:2   | 10276 ||| READING scroll labelled ZUIVAJUKHLU.
 10788 | Lair:3   | 10788 ||| INVOKING Heroism.
 10832 | Lair:3   | Reached skill level 17 in Ranged Weapons
 10867 | Lair:3   | Found a staircase to the Snake Pit.
 10970 | Lair:3   | Reached skill level 6 in Dodging
 10978 | Lair:3   | 10978 ||| RETREATING.
 10988 | Lair:3   | Noticed Kirke
 10989 | Lair:3   | 10989 ||| RETREATING.
 10996 | Lair:3   | 10996 ||| RETREATING.
 10998 | Lair:3   | 10998 ||| Stepping ~*~*~tactically~*~*~ (retreating).
 11010 | Lair:3   | 11010 ||| INVOKING Heroism.
 11054 | Lair:3   | 11054 ||| INVOKING Heroism.
 11091 | Lair:3   | 11091 ||| INVOKING Finesse.
 11093 | Lair:3   | Killed Kirke
 11416 | Lair:3   | Found a staircase to the Swamp.
 11540 | Lair:4   | 11540 ||| RETREATING.
 11540 | Lair:4   | Found an opulent altar of Gozag.
 11544 | Lair:4   | 11544 ||| Stepping ~*~*~tactically~*~*~ (retreating).
 11546 | Lair:4   | 11546 ||| Stepping ~*~*~tactically~*~*~ (retreating).
 11548 | Lair:4   | 11548 ||| Stepping ~*~*~tactically~*~*~ (retreating).
 11549 | Lair:4   | 11549 ||| Stepping ~*~*~tactically~*~*~ (retreating).
 11550 | Lair:4   | 11550 ||| Stepping ~*~*~tactically~*~*~ (retreating).
 11551 | Lair:4   | 11551 ||| Stepping ~*~*~tactically~*~*~ (retreating).
 11552 | Lair:4   | 11552 ||| Stepping ~*~*~tactically~*~*~ (retreating).
 11553 | Lair:4   | 11553 ||| Stepping ~*~*~tactically~*~*~ (retreating).
 11555 | Lair:4   | 11555 ||| Stepping ~*~*~tactically~*~*~ (retreating).
 11556 | Lair:4   | 11556 ||| Stepping ~*~*~tactically~*~*~ (retreating).
 11557 | Lair:4   | 11557 ||| Stepping ~*~*~tactically~*~*~ (retreating).
 11558 | Lair:4   | 11558 ||| INVOKING Heroism.
 11578 | Lair:4   | 11578 ||| INVOKING Heroism.
 11626 | Lair:4   | Reached skill level 18 in Ranged Weapons
 11638 | Lair:4   | 11638 ||| RETREATING.
 11671 | Lair:4   | 11671 ||| INVOKING Heroism.
 11672 | Lair:4   | 11672 ||| INVOKING Finesse.
 11674 | Lair:4   | 11674 ||| RETREATING.
 11682 | Lair:4   | Gained mutation: Your large and strong wings let you fly.
                  | [Gargoyle growth]
 11682 | Lair:4   | Reached XP level 14. HP: 90/90 MP: 14/21
 11685 | Lair:4   | Reached skill level 12 in Fighting
 11740 | Lair:4   | 11740 ||| INVOKING Heroism.
 11741 | Lair:4   | 11741 ||| INVOKING Finesse.
 11950 | Lair:4   | 11950 ||| READING scroll of enchant armour.
 11950 | Lair:4   | 11950 ||| ENCHANTING +0 pair of gloves.
 12416 | Lair:4   | 12416 ||| READING 2 scrolls of identify.
 12416 | Lair:4   | 12416 ||| IDENTIFYING lumpy grey potion
 12417 | Lair:4   | 12417 ||| DROPPING potion of attraction.
 12437 | Lair:5   | Entered Level 5 of the Lair of Beasts
 12438 | Lair:5   | 12438 ||| PLANNING GAUNTLET
 12466 | Lair:5   | 12466 ||| INVOKING Heroism.
 12479 | Lair:5   | Found a gate leading to a gauntlet.
 12488 | Gauntlet | Entered a Gauntlet
 12488 | Gauntlet | Found a transporter.
 12488 | Gauntlet | Found a transporter.
 12488 | Gauntlet | Found a transporter.
 12500 | Gauntlet | Found a transporter.
 12503 | Gauntlet | Found a transporter.
 12507 | Gauntlet | Found a runed translucent door.
 12511 | Gauntlet | Found a transporter.
 12514 | Gauntlet | Found a transporter.
 12521 | Gauntlet | Found a runed translucent door.
 12523 | Gauntlet | Found a transporter.
 12542 | Gauntlet | Found a transporter.
 12563 | Gauntlet | Found a transporter.
 12565 | Gauntlet | Found a transporter.
 12575 | Gauntlet | Found a transporter.
 12620 | Gauntlet | Found a runed translucent door.
 12663 | Gauntlet | 12663 ||| RETREATING.
 12664 | Gauntlet | 12664 ||| Stepping ~*~*~tactically~*~*~ (retreating).
 12679 | Gauntlet | 12679 ||| Stepping ~*~*~tactically~*~*~ (retreating).
 12680 | Gauntlet | 12680 ||| Stepping ~*~*~tactically~*~*~ (retreating).
 12681 | Gauntlet | 12681 ||| Stepping ~*~*~tactically~*~*~ (retreating).
 12682 | Gauntlet | 12682 ||| Stepping ~*~*~tactically~*~*~ (retreating).
 12683 | Gauntlet | 12683 ||| Stepping ~*~*~tactically~*~*~ (retreating).
 12721 | Gauntlet | Identified the +2 plate armour of the Four Places {+Inv
                  | rPois rCorr Int-4} (Okawaru gifted it to you in a Gauntlet)
 12721 | Gauntlet | Received a gift from Okawaru
 12722 | Gauntlet | Reached skill level 19 in Ranged Weapons
 12728 | Gauntlet | 12728 ||| DROPPING +1 hat of intelligence.
 12755 | Gauntlet | 12755 ||| INVOKING Heroism.
 12756 | Gauntlet | 12756 ||| INVOKING Finesse.
 12915 | Lair:5   | 12915 ||| PLANNING LAIR
 12923 | Lair:5   | 12923 ||| RETREATING.
 12924 | Lair:5   | 12924 ||| Stepping ~*~*~tactically~*~*~ (retreating).
 12925 | Lair:5   | 12925 ||| Stepping ~*~*~tactically~*~*~ (retreating).
 12926 | Lair:5   | 12926 ||| Stepping ~*~*~tactically~*~*~ (retreating).
 12927 | Lair:5   | 12927 ||| Stepping ~*~*~tactically~*~*~ (retreating).
 12933 | Lair:5   | 12933 ||| INVOKING Heroism.
 12934 | Lair:5   | HP: 15/92 [cane toad (16)]
 12935 | Lair:5   | 12935 ||| READING scroll of teleportation.
 12935 | Lair:5   | Slain by a cane toad

Levels and vault maps discovered:
D:1:      dpeg_arrival_tiny_a, layout_basic
D:2:      layout_basic
D:3:      layout_rooms, marbit_many_paths, grunt_decor_mini_mirrors
D:4:      layout_basic, minmay_temple_entry_enclosed_plants
D:5:      layout_loops_ring, mainiacjoe_overflow_six_doors_small,
          gammafunk_ghost_stat_death, minmay_shop_damaged,
          minmay_misc_feat_secret_circle,
          nicolae_concentric_dashed_squares_mild, uniq_eustachio
D:6:      minmay_razor_zed, layout_basic, minmay_puff, uniq_duvessa,
          uniq_prince_ribbit1, uniq_sigmund
D:7:      layout_rooms, kiku_gazebo_garden_becter, uniq_menkaure, uniq_joseph,
          uniq_pikel
D:8:      layout_gridville, uniq_amaemon, uniq_gastronok
D:9:      layout_loops_corners, minmay_orc_entry_temple_small,
          minmay_sticks_and_stones, uniq_psyche
D:10:     layout_small_grid, mainiacjoe_overflow_tiny_flanked
D:11:     layout_cave_pods, erik_lair_island
Temple:   nicolae_temple_no_exploring_needed
Lair:1:   layout_regular_city
Lair:2:   minmay_lair_oklob_chamber, layout_cave_pods, serial_bayou_shore_a,
          grunt_megastairs_1
Lair:3:   layout_gridlike, minmay_swamp_entry_worms,
          guppyfry_snake_entry_garden, beast_lair_carwin_4, uniq_kirke
Lair:4:   layout_cave_pods, basic_altar, grunt_megastairs_4
Lair:5:   minmay_lair_end_frog_pond, layout_gridlike, slime_entry_1,
          gauntlet_entry_generic, st_stairs_12

Skill      XL: |  1  2  3  4  5  6  7  8  9 10 11 12 13 14 |
---------------+-------------------------------------------+-----
Ranged Weapons | 5 6 7 8 9 11 12 14 16 18 19 | 19.0
Fighting       | 3 4 5 6 7 8 9 10 11 12 | 12.4
Armour         | 1 2 3 4 |  4.0
Invocations    | 1 4 5 9 10 | 10.0
Dodging        | 2 3 4 5 6 |  6.0
Stealth        | |  1.1

Action                     |  1- 3 |  4- 6 |  7- 9 | 10-12 | 13-15 || total
---------------------------+-------+-------+-------+-------+-------++-------
   Fire: Shortbow          |   120 |   128 |       |       |       ||   248
         Sling             |       |    53 |    13 |       |       ||    66
         Triple crossbow   |       |       |   166 |   592 |   227 ||   985
 Invoke: Heroism           |       |     2 |    11 |    19 |    13 ||    45
         Finesse           |       |       |       |     1 |     6 ||     7
    Use: Scroll            |     2 |     5 |     5 |     6 |     4 ||    22
         Potion            |       |     2 |       |     2 |       ||     4
 Armour: Leather armour    |    70 |    22 |       |       |       ||    92
         Ring mail         |       |    33 |    24 |       |       ||    57
         Steam dragon scal |       |       |   101 |   333 |       ||   434
         Troll leather arm |       |       |       |    82 |   150 ||   232
  Dodge: Dodged            |    72 |    63 |   101 |   457 |   267 ||   960

Table legend:
 A = Non-vault XP
 B = Vault XP
 C = Vault XP percentage of total XP
 D = Non-vault monster count
 E = Vault monster count
 F = Vault count percentage of total count
                 A         B        C        D         E       F
            +---------+---------+-------+---------+---------+-------
      Total |   42862 |   27250 |  38.9 |     337 |     114 |  25.3
            +---------+---------+-------+---------+---------+-------
        D:1 |      42 |       0 |   0.0 |      26 |       0 |   0.0
        D:2 |      83 |       0 |   0.0 |      22 |       0 |   0.0
        D:3 |      34 |       2 |   5.6 |      15 |       1 |   6.2
        D:4 |     286 |       0 |   0.0 |      20 |       0 |   0.0
        D:5 |     824 |     188 |  18.6 |      17 |       1 |   5.6
        D:6 |     985 |    2159 |  68.7 |      15 |      22 |  59.5
        D:7 |     799 |    1274 |  61.5 |      18 |       3 |  14.3
        D:8 |    1983 |    2698 |  57.6 |      40 |       3 |   7.0
        D:9 |    3387 |    1234 |  26.7 |      35 |      16 |  31.4
       D:10 |    4397 |       0 |   0.0 |      28 |       0 |   0.0
       D:11 |    2835 |    1015 |  26.4 |      16 |       9 |  36.0
     Lair:1 |    3686 |       0 |   0.0 |      18 |       0 |   0.0
     Lair:2 |    4930 |    4040 |  45.0 |      17 |      13 |  43.3
     Lair:3 |    5903 |    4638 |  44.0 |      16 |      15 |  48.4
     Lair:4 |   10952 |    3454 |  24.0 |      30 |      13 |  30.2
     Lair:5 |    1736 |    1771 |  50.5 |       4 |       5 |  55.6
   Gauntlet |       0 |    4777 | 100.0 |       0 |      13 | 100.0
            +---------+---------+-------+---------+---------+-------
